 Dungeon Crawl Stone Soup version 0.27.1-3-gb3d3a73c9e (webtiles) character file.

Game seed: 7423797788816263488

535 frimble the Stinger (level 7, -8/47 (49) HPs)
             Began as an Octopode Venom Mage on Oct 7, 2021.
             Mangled by a wight (15 damage)
             ... on level 6 of the Dungeon.
             The game lasted 00:06:44 (5062 turns).

frimble the Stinger (Octopode Venom Mage)           Turns: 5062, Time: 00:06:45

HP:   -8/47 (49)    AC:  5    Str:  7    XL:     7   Next: 25%
MP:   11/11         EV: 17    Int: 19    God:
Gold: 97            SH:  0    Dex: 13    Spells: 2/12 levels left

rFire    + . .     SeeInvis +   u - +2 short sword (venom)
rCold    + . .     Faith    .   (no shield)
rNeg     . . .     Spirit   .   (helmet restricted)
rPois    +         Reflect  .   i - amulet of magic regeneration
rElec    +         Harm     .   k - +4 ring of protection
rCorr    +         Rampage  .   h - +4 ring of evasion
Will     .....                  (no ring)
Stlth    ++........             (no ring)
HPRegen  0.15/turn              (no ring)
MPRegen  0.37/turn              (no ring)
                                (no ring)
                                (no ring)

@: confused, mighty, brilliant, resistant, attractive, very slightly
contaminated, lightly drained
A: almost no armour, amphibious, 8 rings, camouflage 1, gelatinous body 1,
(nimble swimmer 1), tentacles, tentacle spike 1, see invisible, robust 2
a: no special abilities


You were on level 6 of the Dungeon.
You visited 1 branch of the dungeon, and saw 6 of its levels.

You collected 97 gold pieces.

Inventory:

Hand Weapons
 d - a +0 short sword
 e - a +0 long sword
 u - a +2 short sword of venom (weapon)
Jewellery
 g - a ring of fire
 h - a +4 ring of evasion (right tentacle)
 i - an amulet of magic regeneration (around mantle)
 k - a +4 ring of protection (left tentacle)
Wands
 t - a wand of polymorph (9)
Scrolls
 o - 3 scrolls of enchant weapon
 v - 2 scrolls of identify
Potions
 n - a potion of degeneration {unknown}
 p - a potion of curing {unknown}
 q - a potion of flight {unknown}
 r - a potion of haste {unknown}


   Skills:
 + Level 1.5 Short Blades
 - Level 2.0 Dodging
 - Level 2.7 Stealth
 - Level 3.0 Spellcasting
 + Level 0.7 Translocations
 - Level 3.0 Transmutations
 - Level 3.0 Fire Magic
 + Level 6.9 Poison Magic


You had 2 spell levels left.
You knew the following spells:

 Your Spells              Type           Power      Damage    Failure   Level
a - Sting                 Tmut/Pois      100%       1d8       1%          1
b - Blink                 Tloc           N/A        N/A       17%         2
c - Ignite Poison         Fire/Tmut/Pois 28%        N/A       8%          3
d - Olgreb's Toxic Radia  Pois           44%        N/A       9%          4

Your spell library contained the following spells:

 Spells                   Type           Power      Damage    Failure   Level
 Poisonous Vapours        Pois/Air       48%        N/A       5%          2
 Foxfire                  Conj/Fire      48%        2x1d6     9%          1
 Mephitic Cloud           Conj/Pois/Air  17%        N/A       19%         3
 Conjure Flame            Conj/Fire      12%        6-21      24%         3
 Inner Flame              Hex/Fire       12%        N/A       24%         3
 Gell's Gravitas          Tloc           4%         N/A       34%         3
 Lesser Beckoning         Tloc           4%         N/A       34%         3
 Teleport Other           Tloc           8%         N/A       34%         3
 Sticky Flame             Conj/Fire      12%        2d4       63%         4
 Manifold Assault         Tloc           8%         N/A       97%         5
 Storm Form               Tmut/Air       6%         N/A       100%        7


Dungeon Overview and Level Annotations

Branches:
Dungeon (5/15)
 Temple: D:4-7

Altars:


Innate Abilities, Weirdness & Mutations

You cannot wear most types of armour.
You are amphibious.
You can wear up to eight rings at the same time.
Your skin changes colour to match your surroundings (Stealth+).
Your rubbery body absorbs attacks. (AC +1, EV +1)
((You are camouflaged near water. (Stealth+)))
You have tentacles for arms and can constrict up to eight enemies at once.
One of your tentacles bears a spike.
You have supernaturally acute eyesight. (SInv)
You are very robust. (+20% HP)


Message History

Confirm with . or Enter, or press ? or * to list all spells.
You feel a surge of power!
You blink.
Casting: Blink (safe; 21% risk of failure)
Confirm with . or Enter, or press ? or * to list all spells.
The spell is quite dangerous to cast (9% risk of failure)!
Continue anyway?
You feel a surge of power!
You begin to radiate toxic energy.
The orc is poisoned. x2; The orc wizard is poisoned.
The orc is poisoned.
The orc looks even sicker. x2; The orc wizard looks even sicker.
The orc looks even sicker.
You kill the orc! x3
A puff of flame appears from out of thin air!
The puff of flame hits you.
Casting: Olgreb's Toxic Radiance (quite dangerous; 9% risk of failure)
Confirm with . or Enter, or press ? or * to list all spells.
You feel a surge of power!
You miscast Ignite Poison.
You are very lightly contaminated with residual magic.
Your body is twisted painfully.
Your toxic aura wanes.
You are confused.
The wight closely misses you.
You bump into the rock wall.
The wight closely misses you.
It was a potion of magic.
Magic courses through your body.
The orc wizard points at you and mumbles some strange words.
The puff of flame hits you. The wight closely misses you.
It was a potion of resistance.
You feel protected.
Reactivating autopickup.
You feel a bit more experienced. The wight barely misses you.
It was a potion of mutation.
You feel extremely strange.
You feel robust.
Your vision sharpens.
One of your lower tentacles grows a sharp spike.
You feel robust.
The wight hits you from afar with a +1 halberd!
* * * LOW HITPOINT WARNING * * *
You feel drained.
It was a potion of attraction.
You feel attractive to monsters. The orc wizard closely misses you.
The wight hits you from afar with a +1 halberd!
You die...

### #### ...###..#
#.#.....#...###
.............# .
#............# #
..#.....)......#.##
..........)..o@...#
........)...z###..# >
.........)#.## .#......
#.....#..# ##.........
###......##...........
#..................#
.........#...#.......# .#
.......#####..# .....## ..#..
........#....####.....##.....


You could see a wight and an orc wizard (poisoned).

Vanquished Creatures
  A necrophage (D:3)
  A water moccasin skeleton (D:4)
  A howler monkey (D:5)
  A bullfrog zombie (D:5)
  A hound (D:4)
  Crazy Yiuf (D:3)
  An iguana (D:4)
  An orc wizard (D:6)
  7 gnolls
  6 adders
  2 dart slugs
  6 orcs
  10 ball pythons
  8 endoplasms
  3 giant cockroaches
  5 goblins
  9 hobgoblins
  5 jackals (D:3)
  7 quokkas
  6 bats
  2 frilled lizards
  7 kobolds
  4 rats
95 creatures vanquished.

Vanquished Creatures (others)
  3 plants (D:3)
  4 toadstools (D:1)
7 creatures vanquished.

Grand Total: 102 creatures vanquished

Notes
Turn   | Place    | Note
-------+----------+-------------------------------------------
     0 | D:1      | frimble the Octopode Venom Mage began the quest for the
                  | Orb.
     0 | D:1      | Reached XP level 1. HP: 11/11 MP: 3/3
   196 | D:1      | Reached skill level 4 in Poison Magic
   336 | D:1      | Reached XP level 2. HP: 17/17 MP: 3/5
   866 | D:1      | Learned a level 2 spell: Blink
  1069 | D:1      | Found a faded altar of an unknown god.
  1555 | D:2      | Reached XP level 3. HP: 5/21 MP: 6/6
  1818 | D:2      | HP: 1/21 [adder (3)]
  1820 | D:2      | Reached skill level 5 in Poison Magic
  2452 | D:2      | Learned a level 3 spell: Ignite Poison
  2609 | D:2      | Reached XP level 4. HP: 27/27 MP: 7/7
  3256 | D:3      | Found a runed translucent door.
  3257 | D:3      | Noticed Crazy Yiuf
  3561 | D:3      | Reached skill level 1 in Fire Magic
  3874 | D:4      | Reached skill level 6 in Poison Magic
  3874 | D:4      | Reached XP level 5. HP: 13/31 MP: 5/8
  4228 | D:4      | Reached XP level 6. HP: 36/36 MP: 6/9
  4326 | D:4      | Learned a level 4 spell: Olgreb's Toxic Radiance
  4354 | D:4      | Noticed a necrophage
  4372 | D:3      | Killed a necrophage
  4554 | D:3      | Killed Crazy Yiuf
  4881 | D:5      | Entered Level 5 of the Dungeon
  4892 | D:5      | Reached XP level 7. HP: 41/41 MP: 11/11
  4908 | D:5      | Reached skill level 1 in Short Blades
  5029 | D:5      | You fall into a shaft and drop 1 floor!
  5061 | D:6      | Gained mutation: You are robust. (+10% HP) [potion of
                  | mutation]
  5061 | D:6      | Gained mutation: You have supernaturally acute eyesight.
                  | (SInv) [potion of mutation]
  5061 | D:6      | Gained mutation: One of your tentacles bears a spike.
                  | [potion of mutation]
  5061 | D:6      | Gained mutation: You are very robust. (+20% HP) [potion of
                  | mutation]
  5062 | D:6      | Mangled by a wight

Illustrated notes

Levels and vault maps discovered:
D:1:      ldierk_water_garden, layout_loops_cross,
          chequers_ecumenical_altar_lobes, chequers_serial_rivers_large_b
D:2:      layout_loops_ring, serial_glass, glass_columns_a, glass_columns_a
D:3:      minmay_diamond_boxcup, layout_basic, serial_bayou_lagoon_b,
          uniq_crazy_yiuf_cottage
D:4:      layout_basic
D:5:      layout_cave_pools, mainiacjoe_overflow_alcove_2, gup_sewer_entry_bowl,
          kennysheep_windowed_goal
D:6:      layout_cave_pools, mainiacjoe_overflow_divided_tiny,
          minmay_temple_entry_tees

Skill      XL: |  1  2  3  4  5  6  7 |
---------------+----------------------+-----
Poison Magic   | 4 5 6 |  6.9
Fire Magic     | 1 2 3 |  3.0
Transmutations | 2 3 |  3.0
Spellcasting   | 3 |  3.0
Short Blades   | 1 |  1.5
Dodging        | |  2.0
Stealth        | |  2.7
Translocations | |  0.7

Action                   |  1- 3 |  4- 6 |  7- 9 || total
-------------------------+-------+-------+-------++-------
Melee: Unarmed           |    15 |       |       ||    15
       Constrict         |    20 |    30 |     2 ||    52
       Tentacles         |    14 |    16 |       ||    30
       Long sword        |    47 |    72 |       ||   119
       Short sword       |       |    10 |     4 ||    14
 Cast: Sting             |    15 |    20 |     2 ||    37
       Ignite Poison     |       |     3 |     1 ||     4
       Olgreb's Toxic Ra |       |       |     2 ||     2
       Blink             |       |       |     1 ||     1
  Use: Scroll            |     3 |     4 |     1 ||     8
       Potion            |       |       |     7 ||     7
 Stab: Sleeping          |    11 |     9 |     1 ||    21
       Distracted        |     1 |       |       ||     1
Armor: Skin              |     7 |    20 |     1 ||    28
Dodge: Dodged            |    64 |   104 |    10 ||   178
       Rpst.: Long sword |    11 |    31 |       ||    42
